 Dungeon Crawl Stone Soup version 0.23.1 (webtiles) character file.

Game seed: 2965025451142489315

210 Norn the Poker (level 5, 0/42 HPs)
             Began as a Merfolk Skald on Mar 12, 2019.
             Slain by an iguana (12 damage)
             ... on level 4 of the Dungeon.
             The game lasted 00:05:25 (3860 turns).

Norn the Poker (Merfolk Skald)                      Turns: 3860, Time: 00:05:26

Health: 0/42       AC:  5    Str: 11    XL:     5   Next: 88%
Magic:  8/8        EV: 11    Int: 13    God:
Gold:   122        SH:  0    Dex: 14    Spells: 7/8 levels left

rFire    . . .     SeeInvis .   a - +0 halberd
rCold    . . .     Gourm    .   (shield currently unavailable)
rNeg     . . .     Faith    .   i - +0 ring mail
rPois    .         Spirit   .   (no helmet)
rElec    .         Reflect  .   (no cloak)
rCorr    .         Harm     .   (no gloves)
MR       .....                  (no boots)
Stlth    +.........             (no amulet)
HPRegen  0.14/turn              (no ring)
MPRegen  0.11/turn              (no ring)

@: no status effects
A: change form in water, swift swim, stealthy swim
a: no special abilities


You were on level 4 of the Dungeon.
You were near starving.

You visited 1 branch of the dungeon, and saw 4 of its levels.

You collected 122 gold pieces.

Inventory:

Hand Weapons
 a - a +0 halberd (weapon)
   (You took it off a gnoll on level 1 of the Dungeon)
 b - a +0 hunting sling
   (You took it off a goblin on level 2 of the Dungeon)
 k - a +0 spear
Missiles
 q - 76 stones (quivered)
Armour
 i - a +0 ring mail (worn)
   (You found it on level 1 of the Dungeon)
 p - a +0 leather armour
Scrolls
 d - 2 scrolls of identify {unknown}
 l - a scroll of enchant weapon {unknown}
 n - 3 scrolls of enchant armour {unknown}
 o - a scroll of random uselessness {unknown}
 r - a scroll of magic mapping {unknown}
 t - a scroll of blinking {unknown}
 u - a scroll of noise {unknown}
 v - a scroll of fog {unknown}
 w - a scroll of teleportation {unknown}
Potions
 c - 3 potions of curing {@q1}
 f - 4 potions of brilliance {unknown}
 g - a potion of agility {unknown}
 h - 2 potions of berserk rage {unknown}
 j - a potion of mutation {unknown}
 m - 2 potions of haste {unknown}
 s - 4 potions of might {unknown}
Comestibles
 e - 12 rations {!d}


   Skills:
 + Level 3.9 Fighting
 * Level 6.8 Polearms
 - Level 0.6 Armour
 - Level 3.1 Dodging
 - Level 2.0 Spellcasting
 - Level 3.5 Charms


You had 7 spell levels left.
You knew the following spells:

 Your Spells              Type           Power        Failure   Level  Hunger
a - Infusion              Chrm           ##..         14%         1    ##.....

Your spell library contained the following spells:

 Spells                   Type           Power        Failure   Level  Hunger
 Song of Slaying          Chrm           ##......     22%         2    ###....
 Shroud of Golubria       Chrm/Tloc      #.........   41%         2    ###....
 Regeneration             Chrm/Necr      #.........   65%         3    ####...
 Spectral Weapon          Hex/Chrm       #.......     65%         3    ####...


Dungeon Overview and Level Annotations

Branches:
Dungeon (4/15)
 Temple: D:4-7

Altars:


Message History

You start waiting.
Done waiting.
A water moccasin skeleton comes into view.
A water moccasin skeleton is nearby!
A water moccasin skeleton is nearby!
Attack whom?
Aim: a water moccasin skeleton You reach to attack!
You are feeling very hungry.
Your ring mail prevents you from hitting the water moccasin skeleton.
The water moccasin skeleton barely misses you.
You hit the water moccasin skeleton.
The water moccasin skeleton barely misses you.
You closely miss the water moccasin skeleton.
The water moccasin skeleton barely misses you.
You hit the water moccasin skeleton. The water moccasin skeleton bites you.
The water moccasin skeleton closely misses you.
You hit the water moccasin skeleton. The water moccasin skeleton bites you.
You puncture the water moccasin skeleton!
The water moccasin skeleton bites you.
The water moccasin skeleton closely misses you.
You barely miss the water moccasin skeleton.
The water moccasin skeleton bites you.
You hit the water moccasin skeleton.
The water moccasin skeleton misses you. x2
You slash the water moccasin skeleton!
You destroy the water moccasin skeleton!
No target in view!
You start resting.
You start waiting.
You are near starving!
Found a stone staircase leading down.
There is a stone staircase leading down here.
Found 2 bubbling pink potions.
Found a flail and 25 arrows.
Found a stone staircase leading up.
f - 4 bubbling pink potions (gained 2)
An iguana comes into view.
The iguana hisses angrily.
Found a club.
An iguana is nearby!
You hit the iguana. The iguana closely misses you.
You hit the iguana. The iguana bites you! The iguana barely misses you.
You closely miss the iguana. The iguana bites you!
* * * LOW HITPOINT WARNING * * *
You puncture the iguana! The iguana barely misses you.
You closely miss the iguana.
The iguana bites you but does no damage.
You hit the iguana but do no damage. The iguana bites you!
* * * LOW HITPOINT WARNING * * *
You hit the iguana. The iguana bites you!
You die...

######### #.......###
####.#)......#
#.......##.#.#
#.##.#.....#.########
#.#..#............
#.......#.#######. #
#.#.......# #.
#.##@##.###### #.
#...l...# ##
#...<...# #...(...#
#.......# #...)...#
#.......# #.......#
#.......#


You could see an iguana.

Vanquished Creatures
  A water moccasin skeleton (D:4)
  A hound (D:4)
  5 adders
  A gnoll (D:1)
  2 oozes
  2 worms
  A dart slug (D:1)
  2 leopard geckos (D:1)
  An orc (D:3)
  A ball python (D:3)
  A giant cockroach (D:2)
  A hobgoblin (D:2)
  18 jackals
  7 kobolds
  11 bats
  2 frilled lizards (D:2)
  3 goblins
  2 rats
62 creatures vanquished.

Notes
Turn   | Place    | Note
-------+----------+-------------------------------------------
     0 | D:1      | Norn the Merfolk Skald began the quest for the Orb.
     0 | D:1      | Reached XP level 1. HP: 16/16 MP: 3/3
   213 | D:1      | Reached XP level 2. HP: 23/23 MP: 0/5
   303 | D:1      | Reached skill level 4 in Polearms
   303 | D:1      | Reached XP level 3. HP: 3/28 MP: 1/6
  1338 | D:2      | Reached XP level 4. HP: 25/35 MP: 7/7
  1496 | D:2      | Reached skill level 5 in Polearms
  3122 | D:4      | Reached skill level 6 in Polearms
  3122 | D:4      | Reached XP level 5. HP: 34/41 MP: 8/8
  3860 | D:4      | Slain by an iguana

Skill      XL: |  1  2  3  4 |
---------------+-------------+-----
Dodging        | 3 |  3.1
Polearms       | 4 6 |  6.8
Fighting       | 3 |  3.9
Armour         | |  0.6
Spellcasting   | |  2.0
Charms         | |  3.5

Action                   |  1- 3 |  4- 6 || total
-------------------------+-------+-------++-------
Melee: Spear             |    40 |       ||    40
       Halberd           |    55 |   165 ||   220
 Fire: Hunting sling     |       |     2 ||     2
 Cast: Infusion          |     4 |       ||     4
  Use: Potion            |     1 |       ||     1
 Stab: Distracted        |       |     1 ||     1
  Eat: Chunk             |     1 |     7 ||     8
Armor: Leather armour    |     1 |       ||     1
       Ring mail         |    30 |    64 ||    94
Dodge: Dodged            |    71 |   100 ||   171
